 Dungeon Crawl Stone Soup version 0.31-a0-232-gb1c03b2570 (webtiles) character file.

Game seed: 1130849702413005301

60 qw the Shooter (level 3, -7/29 HPs)
             Began as a Minotaur Hexslinger on July 7, 2023.
             Killed by divine providence
             ... invoked by an orc priest
              (13 damage)
             ... on level 3 of the Dungeon.
             The game lasted 00:00:30 (1276 turns).

qw the Shooter (Minotaur Hexslinger)                Turns: 1276, Time: 00:00:30

Health: -7/29      AC:  6    Str: 12    XL:     3   Next: 82%
Magic:  3/3        EV: 11    Int: 10    God:
Gold:   79         SH:  0    Dex: 14    Spells: 3/4 levels left

rFire   . . .        Y - +1 sling
rCold   . . .        (no shield)
rNeg    . . .        h - +0 ring mail
rPois   .            (helmet restricted)
rElec   .            (no cloak)
rCorr   .            e - +0 pair of gloves
SInv    .            (no boots)
Will    .....        j - amulet of the acrobat
Stlth   +            (no ring)
HPRegen 0.24/turn    (no ring)
MPRegen 0.08/turn

%: acrobat
@: no status effects
A: horns 2, retaliatory headbutt
a: no special abilities


You were on level 3 of the Dungeon.
You visited 1 branch of the dungeon, and saw 3 of its levels.

You collected 79 gold pieces.


Innate Abilities, Weirdness & Mutations

You have a pair of horns on your head.
You reflexively headbutt those who attack you in melee.


   Skills:
 - Level 2.0 Fighting
 + Level 4.1 Ranged Weapons
 - Level 1.1 Armour
 - Level 2.1 Dodging
 - Level 1.0 Spellcasting
 - Level 2.0 Hexes


You had 3 spell levels left.
You knew the following spells:

 Your Spells              Type           Power      Damage    Failure   Level
a - Slow                  Hex            16%        N/A       34%         1

Your spell library contained the following spells:

 Spells                   Type           Power      Damage    Failure   Level
 Inner Flame              Hex/Fire       2%         N/A       83%         3
 Portal Projectile        Hex/Tloc       4%         N/A       83%         3
 Cause Fear               Hex            2%         N/A       98%         4

Inventory:

Hand Weapons
 Y - a +1 sling (weapon)
Armour
 e - a +0 pair of gloves (worn)
 h - a +0 ring mail (worn)
Jewellery
 i - an amulet of guardian spirit
 j - an amulet of the acrobat (around neck)
Scrolls
 b - a scroll of identify
 f - a scroll of blinking {unknown}
Potions
 a - a potion of might {unknown}
 c - 2 potions of heal wounds {unknown}
 d - 2 potions of enlightenment {unknown}
 g - a potion of curing

Dungeon Overview and Level Annotations

Branches:
Dungeon (3/15)

Altars:


Message History

An orc comes into view. It is wielding a +0 dagger.
An orc wizard comes into view. It is wielding a +0 dagger.
1269 ||| Stepping ~*~*~tactically~*~*~ (outnumbered).
Enter note:
Enter note:
Enter note:
Enter note: The orc shouts!
The ball python completely misses you. The ball python barely misses you.
The ball python completely misses you. x2
You shoot a sling bullet. The sling bullet hits the ball python.
The ball python is severely wounded.
The ball python barely misses you. The ball python grabs you.
The ball python constricts you.
You shoot a sling bullet. The sling bullet hits the ball python.
You kill the ball python!
The orc hits you with a +0 flail. The orc barely misses you.
The orc misses you.
You shoot a sling bullet. The sling bullet hits the orc.
The orc is moderately wounded.
The orc hits you with a +0 flail!
An orc priest comes into view. It is wielding a +0 short sword.
You shoot a sling bullet.
The sling bullet barely misses the orc wizard.
The orc closely misses you.
You shoot a sling bullet. The sling bullet hits the orc wizard.
The orc wizard is lightly wounded.
The orc completely misses you.
The orc wizard hits you with a +0 dagger.
The orc wizard hits you but does no damage.
The orc hits you with a +0 flail!
The orc priest calls upon Beogh to heal the orc wizard.
The orc wizard's wounds heal themselves!
You hear a shout!
You shoot a sling bullet. The sling bullet hits the orc!
You kill the orc!
The orc wizard hits you but does no damage.
The orc hits you with a +0 flail.
The orc priest invokes the aid of Beogh against you.
Beogh smites you!
You die...

#.....##.#.#.
#............. #......
.........?.... .......
.............. .o)...
<.............# .....
...........##..##...#
................#...#
..............#.#o..#
................@o.$##
.........#####..o)...#
..........# ##.#.#.###
..........###..#...#
...........#..##...#
..[............##....
#########......# ...##
#......# ..## #......#


You could see an orc priest, an orc wizard and 2 orcs.

Vanquished Creatures
  2 adders
  2 dart slugs (D:2)
  3 orcs (D:3)
  An endoplasm (D:2)
  2 giant cockroaches (D:2)
  9 goblins
  A hobgoblin (D:1)
  2 quokkas (D:1)
  3 ball pythons
  2 bats
  2 frilled lizards (D:1)
  5 kobolds
  2 rats
36 creatures vanquished.

Notes
Turn   | Place    | Note
-------+----------+-------------------------------------------
     0 | D:1      | qw the Minotaur Hexslinger began the quest for the Orb.
     0 | D:1      | Reached XP level 1. HP: 16/16 MP: 1/1
     0 | D:1      | 0 ||| qw: Version: 0.3-a-46-gb1f654a
     0 | D:1      | 0 ||| qw: Game counter: 2195
     0 | D:1      | 0 ||| qw: Melee chars always use a shield: true
     0 | D:1      | 0 ||| qw: God list: Okawaru
     0 | D:1      | 0 ||| qw: Allow faded altars: false
     0 | D:1      | 0 ||| qw: Do Orc after clearing Dungeon:15 true
     0 | D:1      | 0 ||| qw: Do second Lair branch before Depths: true
     0 | D:1      | 0 ||| qw: Lair rune preference: random
     0 | D:1      | 0 ||| qw: Goals: Normal
     0 | D:1      | 0 ||| PLANNING D:1-11
     4 | D:1      | Noticed a dwarf
     4 | D:1      | Noticed a naga
    11 | D:1      | Noticed a formicid
    13 | D:1      | Noticed a merfolk
    19 | D:1      | Noticed a merfolk
   182 | D:1      | Reached skill level 3 in Ranged Weapons
   194 | D:1      | Reached XP level 2. HP: 23/23 MP: 2/2
   606 | D:1      | 606 ||| UPGRADING to +0 pair of gloves.
   611 | D:1      | 611 ||| UPGRADING to +0 ring mail.
   621 | D:1      | 621 ||| DROPPING +0 robe.
   622 | D:1      | 622 ||| UPGRADING to amulet of the acrobat.
   627 | D:1      | 627 ||| READING scroll labelled KIAFAREISSO.
   628 | D:1      | 628 ||| READING scroll labelled IMOACO DYESIY.
   629 | D:1      | 629 ||| READING scroll labelled BOKLOI EKHLUOKK.
   630 | D:1      | 630 ||| DROPPING scroll of poison.
   740 | D:2      | Reached XP level 3. HP: 29/29 MP: 3/3
  1086 | D:2      | Reached skill level 4 in Ranged Weapons
  1155 | D:2      | 1155 ||| READING 2 scrolls labelled LAGEFFECHA.
  1156 | D:2      | 1156 ||| DRINKING 2 clear potions.
  1157 | D:2      | 1157 ||| DRINKING 2 smoky black potions.
  1158 | D:2      | 1158 ||| DROPPING potion of attraction.
  1248 | D:3      | Reached skill level 1 in Armour
  1269 | D:3      | 1269 ||| Stepping ~*~*~tactically~*~*~ (outnumbered).
  1276 | D:3      | HP: 6/29 [orc/+0 flail (5)]
  1276 | D:3      | Killed from afar by an orc priest

Levels and vault maps discovered:
D:1:      shiori_arrival_whats_in_store_for_you, layout_loops_ring,
          serial_glass, glass_columns_a, glass_columns_a, glass_columns_c,
          glass_columns_c, glass_columns_c, glass_columns_a
D:2:      layout_rooms, amcnicky_mini_corridor_feature
D:3:      layout_rooms, dreamdust_ecumenical_altar_drowned_temple,
          roderic_batcave

Skill      XL: |  1  2  3 |
---------------+----------+-----
Ranged Weapons | 3 4 |  4.1
Fighting       | 2 |  2.0
Armour         | 1 |  1.1
Dodging        | |  2.1
Spellcasting   | |  1.0
Hexes          | |  2.0

Action                     || total
---------------------------++-------
   Fire: Sling             ||    94
    Use: Scroll            ||     4
         Potion            ||     2
 Armour: Ring mail         ||    11
  Dodge: Dodged            ||    30

Table legend:
 A = Non-vault XP
 B = Vault XP
 C = Vault XP percentage of total XP
 D = Non-vault monster count
 E = Vault monster count
 F = Vault count percentage of total count
                 A         B        C        D         E       F
            +---------+---------+-------+---------+---------+-------
      Total |      90 |       0 |   0.0 |      36 |       0 |   0.0
            +---------+---------+-------+---------+---------+-------
        D:1 |      20 |       0 |   0.0 |      14 |       0 |   0.0
        D:2 |      45 |       0 |   0.0 |      16 |       0 |   0.0
        D:3 |      25 |       0 |   0.0 |       6 |       0 |   0.0
            +---------+---------+-------+---------+---------+-------
